 Dungeon Crawl Stone Soup version 0.18-a0-801-gb01a236 (webtiles) character file.

65 Raultor the Insei (level 3, -3/33 HPs)
             Began as a Draconian Monk on Dec 14, 2015.
             Slain by a gnoll
             ... wielding a +0 halberd
              (13 damage)
             ... on level 2 of the Dungeon.
             The game lasted 00:03:29 (1974 turns).

Raultor the Insei (Draconian Monk)                  Turns: 1974, Time: 00:03:30

Health: -3/33      AC:  6    Str: 13    XL:     3   Next: 94%
Magic:  3/3        EV: 13    Int: 10    God:
Gold:   84         SH:  0    Dex: 14    Spells: 0 memorised, 2 levels left

rFire  . . .     SeeInvis .       - Unarmed
rCold  . . .     Clarity  .     (armour unavailable)
rNeg   . . .     SustAt   .     (no shield)
rPois  .         Gourm    .     (helmet restricted)
rElec  .         Spirit   .     e - +0 cloak
rCorr  .         Dismiss  .     (no gloves)
rMut   .         Stasis   .     (no boots)
MR     .....                    (no amulet)
Stlth  ++........               (no ring)
                                (no ring)

@: not resistant to hostile enchantments, unstealthy
A: unfitting armour, cold-blooded, AC +5
a: no special abilities


You were on level 2 of the Dungeon.
You were hungry.

You visited 1 branch of the dungeon, and saw 2 of its levels.

You collected 84 gold pieces.

Inventory:

Armour
 e - a +0 cloak (worn)
   (You found it on level 1 of the Dungeon)
Scrolls
 c - a scroll of recharging {unknown}
 g - a scroll of identify {unknown}
 i - 3 scrolls of random uselessness {unknown}
 j - 3 scrolls of remove curse {unknown}
Potions
 f - 2 potions of curing {unknown}
 l - a potion of might {unknown}
 m - a potion of degeneration {unknown}
Comestibles
 a - 2 bread rations {@e1}
 b - a fruit
 h - a meat ration {@e2}


   Skills:
 + Level 4.0 Fighting
 + Level 3.1 Dodging
 - Level 1.7 Stealth
 * Level 4.7 Unarmed Combat


You had 2 spell levels left.
You didn't know any spells.

Dungeon Overview and Level Annotations

Branches:
Dungeon (2/15)

Altars:


Innate Abilities, Weirdness & Mutations

Your plain brown scales are hard (AC +5).
Your body does not fit into most forms of armour.
You are cold-blooded and may be slowed by cold attacks.


Message History

No target in view!
A hobgoblin comes into view. It is wielding a club.
A gnoll comes into view.
Some of the chunks of flesh in your inventory have rotted away.
You punch the hobgoblin!
You kill the hobgoblin!
The gnoll shouts! 2 gnolls come into view.
You found a shaft!
You see here a hobgoblin corpse.
You closely miss the gnoll. The gnoll hits you.
You take 1 damage, and have 32/33 hp.
You punch the gnoll! You closely miss the gnoll. You hit the gnoll.
The gnoll hits you but does no damage.
You hit the gnoll. You hit the gnoll.
Your tail-slap misses the gnoll.
The gnoll closely misses you.
You barely miss the gnoll. The gnoll barely misses you.
You hit the gnoll but do no damage. The gnoll hits you with a flail.
The gnoll hits you from afar with a halberd!
You take 13 damage, and have 19/33 hp.
MASSIVE DAMAGE!!
You completely miss the gnoll.
Your tail-slap misses the gnoll.
The gnoll closely misses you.
You hit the gnoll.
You kill the gnoll!
Your Fighting skill increases to level 4!
The gnoll hits you from afar with a halberd!
You take 10 damage, and have 10/33 hp.
MASSIVE DAMAGE!!
The gnoll hits you but does no damage. The gnoll barely misses you.
There is a stone staircase leading up here.
The gnoll barely misses you.
The gnoll hits you from afar with a halberd.
* * * LOW HITPOINT WARNING * * *
You climb upwards.
A goblin comes into view.
There is a stone staircase leading down here.
You take 6 damage, and have 6/33 hp.
Unknown command.
The goblin shouts!
The goblin barely misses you. The goblin hits you but does no damage.
The goblin closely misses you.
Drink which item? (? for menu, Esc to quit)
It was a potion of haste.
You feel yourself speed up. The goblin closely misses you.
You are very lightly contaminated with residual magic.
You hit the goblin. The goblin completely misses you.
You barely miss the goblin.
Your tail-slap misses the goblin.
The goblin hits you.
* * * LOW HITPOINT WARNING * * *
You take 1 damage, and have 6/33 hp.
You hit the goblin.
You are feeling hungry.
You hit the goblin.
You kill the goblin!
You barely miss the gnoll. You hit the gnoll. The gnoll barely misses you.
You hit the gnoll. The gnoll misses you.
You punch the gnoll!
You kill the gnoll!
Things that are here:
a gnoll corpse; a goblin corpse You butcher the gnoll corpse.
k - 6 chunks of flesh {@w0} (gained 4)
Things that are here:
a gnoll skeleton; a goblin corpse You butcher the goblin corpse.
k - 8 chunks of flesh {@w0} (gained 2)
Things that are here:
a gnoll skeleton; a goblin skeleton You start resting.
Eating one of 8 chunks of flesh {@w0}.
You continue eating. x2
Your extra speed is starting to run out.
You regained 3 hp, and now have 10/33 hp.
You start resting.
You feel yourself slow down.
You start resting.
Your magical contamination has completely faded away.
You regained 5 hp, and now have 15/33 hp.
You start resting.
Some of the chunks of flesh in your inventory have rotted away. x2
All of the chunks of flesh in your inventory have rotted away.
Health restored: 33 You are feeling hungry.
There is a stone staircase leading down here.
There is a stone staircase leading down here.
You climb downwards.
The gnoll hits you with a halberd!
There is a stone staircase leading up, spattered with blood here.
You take 13 damage, and have 20/33 hp.
MASSIVE DAMAGE!!
You hit the gnoll. You hit the gnoll but do no damage.
The gnoll hits you with a halberd!
You take 10 damage, and have 10/33 hp.
MASSIVE DAMAGE!!
You barely miss the gnoll. The gnoll barely misses you.
You hit the gnoll. The gnoll hits you with a halberd!
You die...

# # # ###### #.....
#.###. ####### ♣.♣ #.
#...@g########♣♣.♣♣#.
#.###.##.............
#.#....#.###.#♣♣.♣♣#.
#.#.#........# ♣.♣ #.
#.#.#.##.##..###.# #.
#.....##.###.#.#.# #.
###.####.......#.# #.
#.# #####.###.# #.
#.# #####.###.###.


You could see a gnoll.

Vanquished Creatures
  2 gnolls
  3 adders
  4 goblins
  6 hobgoblins
  A bat (D:1)
  2 giant cockroaches
  A giant newt (D:2)
  3 kobolds
  4 rats
26 creatures vanquished.

Notes
Turn   | Place    | Note
--------------------------------------------------------------
     0 | D:1      | Raultor the Draconian Monk began the quest for the Orb.
     0 | D:1      | Reached XP level 1. HP: 19/19 MP: 1/1
   429 | D:1      | Reached XP level 2. HP: 17/26 MP: 2/2
  1068 | D:2      | Reached XP level 3. HP: 17/33 MP: 3/3
  1233 | D:2      | Reached skill level 3 in Dodging
  1669 | D:2      | Reached skill level 4 in Fighting
  1691 | D:2      | HP: 6/33 [gnoll/halberd (6)]
  1703 | D:1      | HP: 6/33 [goblin (1)]
  1974 | D:2      | Slain by a gnoll

Vault maps used:
D:1:      dpeg_arrival_sounds_slurp, serial_forest,
          infiniplex_forest_lined_corner, infiniplex_forest_end_2,
          infiniplex_forest_lined_corner, infiniplex_forest_clump_C,
          infiniplex_forest_clump_tiny, infiniplex_forest_straight_3,
          infiniplex_forest_lined_room_2, hangedman_decor_growths,
          minmay_stone_trees_medium
D:2:      vehumet_crystals, minmay_tree_intersection

Action                   || total
-------------------------++-------
Melee: Unarmed           ||   105
  Use: Potion            ||     1
 Stab: Distracted        ||     1
       Sleeping          ||     1
  Eat: Chunk             ||     3

Vault maps used:
D:1:      dpeg_arrival_sounds_slurp, serial_forest,
          infiniplex_forest_lined_corner, infiniplex_forest_end_2,
          infiniplex_forest_lined_corner, infiniplex_forest_clump_C,
          infiniplex_forest_clump_tiny, infiniplex_forest_straight_3,
          infiniplex_forest_lined_room_2, hangedman_decor_growths,
          minmay_stone_trees_medium
D:2:      vehumet_crystals, minmay_tree_intersection

Table legend:
 A = Turns spent in this place as a percentage of turns spent in the entire game.
 B = Non-inter-level travel turns spent in this place as a percentage of non-inter-level travel turns spent in the entire game.
 C = Inter-level travel turns spent in this place as a percentage of turns spent in this place.
 D = Turns resting spent in this place as a percentage of non-inter-level travel turns spent in this place.
 E = Turns spent auto-exploring this place as a percentage of non-inter-level travel turns spent in this place.
 F = Non-inter-level travel turns spent in this place divided by the number of levels of this place that you've seen.
                   A       B       C       D       E      F
               +-------+-------+-------+-------+-------+----------------------
         Total | 100.0 | 100.0 |   0.6 |   3.5 |  11.4 | 171.0
       Dungeon | 100.0 | 100.0 |   0.6 |   3.5 |  11.4 | 171.0
               +-------+-------+-------+-------+-------+----------------------

Table legend:
 A = Kills in this place as a percentage of kills in entire the game.
 B = Kills by you in this place as a percentage of kills by you in the entire game.
 C = Kills by friends in this place as a percentage of kills by friends in the entire game.
 D = Other kills in this place as a percentage of other kills in the entire game.
 E = Experience gained in this place as a percentage of experience gained in the entire game.
 F = Experience gained in this place divided by the number of levels of this place that you have seen.
                   A       B       C       D       E      F
               +-------+-------+-------+-------+-------+----------------------
         Total | 100.0 | 100.0 |  -nan |  -nan | 100.0 |  47.0
       Dungeon | 100.0 | 100.0 |  -nan |  -nan | 100.0 |  47.0
               +-------+-------+-------+-------+-------+----------------------
